AoeStats
← 米德维奇小学副校长

Arabian Desert

510455128Analyzed
1v1 RM · 1d ago on Oct 1, 2026· 34m 56s· 2 players
Game mode
Random Map
Map size
Tiny (2 player)
Population
200
Speed
Normal
Resources
Standard
Victory
Conquest
Starting age
Dark Age
Ending age
Imperial Age
RankedLock teamsTeams togetherTeam positionsShared explorationLock speedFull tech treeHidden civsTurbo modeCheats
Victory
Defeat
1104
+16
🇪🇨 Mongols · Ecuador
1112
-16
米德维奇小学副校长
6:35 Loom
8:51 Feudal Age
9:43 Double-Bit Axe
14:59 Town Watch
19:28 Castle Age
19:00 Wheelbarrow
18:09 Horse Collar
20:43 Bloodlines
20:56 Bow Saw
21:01 Heavy Plow
28:58 Gold Mining
29:49 Light Cavalry
[TKILLA] Elmiko
9:21 Loom
12:19 Feudal Age
13:12 Horse Collar
13:21 Double-Bit Axe
20:22 Castle Age
19:31 Forging
19:27 Scale Barding Armor
20:33 Bloodlines
21:06 Husbandry
31:53 Iron Casting
31:39 Chain Barding Armor
Connection lost

Rejoining the realm…

Still unreachable

The connection could not be restored.

Session expired

The server has moved on; the page needs a fresh start.